← All builds
Beach sea / Legion / Economy first / OBSERVED BUILD

Standard beach sea

Legion Beach sea build order · Supreme Isthmus

Builds a shipyard early, gets a Syracusia out fast to contest or scout enemy sea entry, then expands into an Advanced Metal Extractor and more navy over the first 15 minutes.

Usually shipyard first (74%)

#naval #eco · 23 distinct matches · 15 players · 74% of Legion Beach sea games · team won 26% of 23 · Recently observed

HOW TO PLAY IT

Key timing: First Syracusia by 4:42

  1. Take 3 mex, then send the commander to build the shipyard.
  2. Get the shipyard up fast to start early sea presence.
  3. Add tidal generators for the energy to sustain frigate output.
  4. Push the first Syracusia out to contest or scout the sea.
  5. Bring advanced mex online to catch up economy for the late game.

Phase by phase

TYPICAL OF ITS 23 GAMES
  1. 1
  2. 2
  3. 3
PLAY THE OPENING

Follow the example game's first 6:00 step by step: what to build now, what comes next, and where it goes. At 1× it keeps pace with your own game.

  1. 1

    Up to the Shipyard

    Economy
    • Metal Extractor3Mex
    • Wind Turbine4Wind
    • Wind Turbine1Windfor allies
    • Energy Storage1Energy storage
    Order
    1. ShipyardShipyard after 3 mex, 4 wind, 1 energy storagedone ~2:04, middle half 1:46–2:55

    Some games also: Pharos (30%)

    By 1:48 in all: 3 mex · 4 wind · 1 energy storage

    The example game in this phase · 14 steps
    1. Mex ×3
    2. Wind ×3
    3. Wind ×2for Air
    4. Energy storage
    5. PharosPharos
    6. Legion Bot LabLegion Bot Labdone 1:41
    7. ZagreusZagreus ×2
    8. Legion Construction BotLegion Construction Bot ×4
    9. Con turret
    10. PhobosPhobos
    11. ZagreusZagreus
    12. Mex
    13. PharosPharos
    14. ShipyardShipyarddone 3:24 · typical 2:04
  2. 2

    Shipyard to 5:00

    Economy
    • Metal Extractor4Mex
    • Tidal Generator2Tidal
    Builders
    • Construction Ship2 Con ship
    Army
    • Iapetus1 Iapetus
    • Syracusia1 Syracusia
    • Legion Drone1 Legion Drone
    • Argonaut1 Argonaut

    Some games also: Naval Radar / Sonar Tower (48%) · Hippocampus (43%) · con turret (30%) · Stheno (30%)

    By 5:00 in all: 7 mex · 5 wind · 2 tidal · 1 energy storage

    The example game in this phase · 31 steps
    1. Wind
    2. PharosPharos
    3. Converter
    4. Wind
    5. BrambleBramble
    6. Wind
    7. HippocampusHippocampus
    8. Wind
    9. HippocampusHippocampus
    10. Converter
    11. Construction ShipCon ship
    12. Radar TowerRadar Tower
    13. Wind
    14. Mex
    15. ArgonautArgonaut
    16. Converter
    17. Wind
    18. Converter
    19. Mex
    20. Wind
    21. IapetusIapetus
    22. Converter
    23. Mex
    24. Wind
    25. Radar TowerRadar Tower
    26. Converter
    27. Construction ShipCon ship
    28. Wind
    29. Converter
    30. Wind
    31. Construction ShipCon ship
  3. 3

    5:00 to 10:00

    Economy
    • Metal Extractor2Mex
    Builders
    • Dionysus1 Dionysus
    Army
    • Pharos1 Pharos
    • Legion Drone7 Legion Drone
    • Syracusia3 Syracusia
    • Argonaut2 Argonaut
    • Iapetus1 Iapetus
    Other
    • Naval Radar / Sonar Tower1 Naval Radar / Sonar Tower

    Some games also: tidal (48%) · wind (43%) · con ship (43%) · Stheno (43%) · Naval Construction Turret (35%)

    By 10:00 in all: 9 mex · 5 wind · 4 tidal · 1 energy storage

    The example game in this phase · 105 steps
    1. PharosPharos
    2. Wind
    3. Mex
    4. Wind
    5. ArgonautArgonaut
    6. Converter
    7. Mex
    8. Naval Radar / Sonar TowerNaval Radar / Sonar Tower
    9. Wind
    10. Converter
    11. PharosPharos
    12. DionysusDionysus
    13. SthenoStheno
    14. Wind
    15. Con turret
    16. Converter
    17. Wind
    18. Converter
    19. SyracusiaSyracusiadone 7:36 · typical 4:41
    20. PharosPharos
    21. Wind
    22. Converter
    23. Wind
    24. Naval Radar / Sonar TowerNaval Radar / Sonar Tower
    25. SthenoStheno
    26. Wind
    27. PharosPharos
    28. Naval Radar / Sonar TowerNaval Radar / Sonar Tower
    29. Converter
    30. Wind
    31. Naval Radar / Sonar TowerNaval Radar / Sonar Tower
    32. Wind
    33. Converter
    34. Mex ×2
    35. PharosPharos
    36. Wind
    37. Naval Radar / Sonar TowerNaval Radar / Sonar Tower
    38. Converter
    39. Legion DroneLegion Drone
    40. Wind
    41. Naval Radar / Sonar TowerNaval Radar / Sonar Tower
    42. Converter
    43. Wind
    44. PharosPharos
    45. IapetusIapetus
    46. Legion DroneLegion Drone
    47. Converter
    48. Wind
    49. ArgonautArgonaut
    50. Converter
    51. DionysusDionysus
    52. Wind
    53. Naval Radar / Sonar TowerNaval Radar / Sonar Tower
    54. Converter
    55. SyracusiaSyracusia
    56. Naval Radar / Sonar TowerNaval Radar / Sonar Tower
    57. Wind
    58. Radar TowerRadar Tower
    59. PharosPharos
    60. PawnPawn
    61. PharosPharos
    62. Advanced Metal ExtractorT2 mexdone 10:21 · typical 9:37
    63. SeekerSeeker
    64. Wind
    65. Legion DroneLegion Drone
    66. EuryaleEuryale
    67. Naval Radar / Sonar TowerNaval Radar / Sonar Tower
    68. ArgonautArgonaut
    69. LazarusLazarus
    70. EuryaleEuryale
    71. Wind
    72. Legion DroneLegion Drone ×2
    73. ArgonautArgonaut
    74. Legion DroneLegion Drone
    75. Wind
    76. ArgonautArgonaut
    77. Dragon's JawDragon's Jaw
    78. Advanced Metal ExtractorT2 mex
    79. Legion DroneLegion Drone
    80. Wind
    81. Legion DroneLegion Drone ×2
    82. HippocampusHippocampus
    83. Wind
    84. HippocampusHippocampus ×2
    85. Advanced Metal ExtractorT2 mex
    86. HippocampusHippocampus
    87. Legion DroneLegion Drone
    88. HippocampusHippocampus ×3
    89. Wind
    90. HippocampusHippocampus
    91. Naval Radar / Sonar TowerNaval Radar / Sonar Tower
    92. HippocampusHippocampus ×2
    93. KeteaSubmarine
    94. Wind
    95. KeteaSubmarine
    96. Legion DroneLegion Drone
    97. KeteaSubmarine
    98. Wind
    99. Legion DroneLegion Drone
    100. Advanced Metal ExtractorT2 mex
    101. Mex
    102. Wind
    103. Dragon's JawDragon's Jaw
    104. Legion DroneLegion Drone
    105. Wind

Counts are medians over the build's games: half of them build more, half fewer. The example game is NFX_Scurvy's (37 OS, 28/09/2026); pick another.

Team trades

IN AT LEAST 30% OF ITS GAMES

You hand over

  • Wind Turbine3 Wind to Airfirst at 1:54 · in 61% of games

You get

  • Hippotes1 Hippotes from Airfirst at 2:08 · in 35% of games
  • Lazarus1 Lazarus from Geofirst at 2:16 · in 43% of games
  • Construction Bot1 Con bot from Geofirst at 2:22 · in 52% of games
  • Advanced Construction Bot1 T2 con bot from Tech or Geofirst at 7:56 · in 74% of games

How it plays out

Typical game of this build, running totals by minute

Metal produced

010k20k30k
0:005:0010:0015:00

metal

Enemy metal destroyed

02.5k5k7.5k
0:005:0010:0015:00

metal

Own metal lost

02k4k6k
0:005:0010:0015:00

metal

23 games.

Show as table
ByMetal produced: This buildEnemy metal destroyed: This buildOwn metal lost: This build
1:0039800
2:0093500
3:00156200
4:002549030
5:0037535051
6:005011380150
7:006466980280
8:0080321386650
9:0094481540730
10:001126829331010
11:001296236601616
12:001583242731626
13:001858449803245
14:002039156853401
15:002274063654426
WHAT THE NUMBERS SAY

Standard beach sea has by far the lowest team win rate of the six builds despite comparable early frigate timing, suggesting the natural resource disadvantage described for this role bites hard.

  • + First Syracusia at 4:42, faster than geo sea's 5:18 equivalent.
  • + Metal produced by 5:00 reaches 3704, close to other sea roles.
  • − Team win rate is only 21%, far below every other standard build shown.
  • − T2 factory completes in just 21% of games, the lowest tech follow-through listed.
THE EXAMPLE YOU ARE READING

NFX_Scurvy

37.4 OS · 28/09/2026

Open source match ↗

3 received units · includes a constructor
0 metal received · 46861 energy received

Allied construction assistance is unknown. Timings are observations, not a promise of solo reproducibility.

Typical milestones

Shipyard2:04Middle 50%: 1:46–2:55 · n=23
Syracusia4:41Middle 50%: 4:07–5:46 · n=21
Advanced Metal Extractor9:37Middle 50%: 9:03–9:51 · n=16

Played most by

Rysica5games of this buildEpicTyrannus3games of this buildEXZoPrimer32games of this buildNFX_Scurvy2games of this build[Crd]TheKingOfAll1game of this build